 Dungeon Crawl Stone Soup version 0.28-a0-957-g42eb19b844 (webtiles) character file.

Game seed: 6578415355312877571

56 browni3141 the Cudgeller (level 3, 0/30 HPs)
             Began as a Demigod Fighter on Nov 30, 2021.
             Killed by nerve-wracking pain
             ... invoked by Jessica
              (5 damage)
             ... on level 3 of the Dungeon.
             The game lasted 00:02:42 (1581 turns).

browni3141 the Cudgeller (Demigod Fighter)          Turns: 1581, Time: 00:02:44

Health: 0/30       AC:  6    Str: 21    XL:     3   Next: 48%
Magic:  5/5        EV:  9    Int: 10    God:
Gold:   111        SH:  4    Dex: 13    Spells: 2/2 levels left

rFire   + . .      SeeInvis .   a - +0 flail
rCold   . . .      Faith    .   c - +0 buckler
rNeg    . . .      Spirit   .   b - +0 scale mail
rPois   .          Reflect  .   (no helmet)
rElec   .          Harm     .   (no cloak)
rCorr   .          Rampage  .   (no gloves)
Will    .....                   (no boots)
Stlth   ..........              (no amulet)
HPRegen 0.10/turn               g - ring of fire
MPRegen 0.09/turn               d - ring of protection from cold

@: no status effects
A: high mp 1, forlorn
a: no special abilities


You were on level 3 of the Dungeon.
You visited 1 branch of the dungeon, and saw 3 of its levels.

You collected 111 gold pieces.

Inventory:

Hand Weapons
 a - a +0 flail (weapon)
Missiles
 f - 44 stones
 l - 6 curare-tipped darts (quivered)
 p - 2 poisoned darts
Armour
 b - a +0 scale mail (worn)
 c - a +0 buckler (worn)
Jewellery
 d - a ring of protection from cold (right hand)
 g - a ring of fire (left hand)
 h - a ring of flight
Scrolls
 e - a scroll of teleportation {unknown}
 j - a scroll of identify {unknown}
 k - a scroll of summoning {unknown}
 o - a scroll of enchant armour {unknown}
Potions
 i - a potion of lignification {unknown}
 m - a potion of ambrosia {unknown}
 n - 2 potions of attraction {unknown}


   Skills:
 - Level 2.6 Fighting
 * Level 3.7 Maces & Flails
 - Level 2.6 Armour
 - Level 2.6 Shields


You had 2 spell levels left.
You didn't know any spells.
Your spell library was empty.

Dungeon Overview and Level Annotations

Branches:
Dungeon (3/15)

Annotations:
D:3 Jessica


Innate Abilities, Weirdness & Mutations

Your attributes grow dramatically as you level up.
You have an increased reservoir of magic. (+10% MP)
You shall have no god before yourself.


Message History

You hit the kobold.
The kobold is moderately wounded.
You block the kobold's attack.
The kobold hits you with a +0 short sword.
You hit the kobold but do no damage.
The kobold is moderately wounded.
The kobold closely misses you.
You hit the kobold.
You kill the kobold!
No target in view!
Things that are here:
a +0 short sword; 2 poisoned darts; a kobold corpse
p - 2 poisoned darts HP restored.
Jessica the Apprentice Sorceress comes into view.
She is wielding a +0 club.
Jessica shouts!
Jessica moves out of view.
Jessica casts a spell.
Jessica blinks!
Throw: 6 darts (curare)
Press: ? - help, Q - select action, (/) - cycle Shift-Dir - straight line, f - Jessica
Aim: Jessica, wielding a +0 club and wearing a +0 robe (57% to hit)
Okay, then.
You start waiting.
Jessica is nearby!
Jessica gestures at you while chanting. Pain shoots through your body!
You block Jessica's attack.
You barely miss Jessica. Jessica barely misses you.
You hit Jessica.
Jessica is severely wounded.
Jessica points at you and mumbles some strange words.
Pain shoots through your body!
You hit Jessica but do no damage.
Jessica is heavily wounded.
Jessica hits you with a +0 club!
* * * LOW HITPOINT WARNING * * *
Jessica casts a spell at you. Pain shoots through your body!
You die...

#.#.##).....#.## ##........
#.#.##.......#.###.#######.
#.#.##........#.#..#
#............##..#.#
###.##.......##.##.#
#.##.......##)##..
#......#......#####
####...#...#### #.#####@.#
#.. #...@# .# #.#..#
...#..# ### #..# ...# #.##
#.#


You could see Jessica.

Vanquished Creatures
  2 adders (D:2)
  A worm (D:2)
  A dart slug (D:2)
  5 ball pythons
  A bat (D:1)
  3 endoplasms (D:2)
  3 goblins (D:2)
  4 hobgoblins
  A quokka (D:1)
  3 frilled lizards
  6 kobolds
  2 rats
32 creatures vanquished.

Vanquished Creatures (others)
  A plant (D:2)
1 creature vanquished.

Grand Total: 33 creatures vanquished

Notes
Turn   | Place    | Note
-------+----------+-------------------------------------------
     0 | D:1      | browni3141 the Demigod Fighter began the quest for the Orb.
     0 | D:1      | Reached XP level 1. HP: 18/18 MP: 3/3
    54 | D:1      | Reached skill level 2 in Maces & Flails
   495 | D:1      | Reached XP level 2. HP: 25/25 MP: 4/4
   940 | D:2      | Reached skill level 3 in Maces & Flails
  1135 | D:2      | Reached XP level 3. HP: 30/30 MP: 5/5
  1571 | D:3      | Noticed Jessica
  1581 | D:3      | Killed from afar by Jessica

Illustrated notes

Levels and vault maps discovered:
D:1:      minmay_arrival_three_doors, layout_basic,
          ebering_ecumenical_altar_ruins, nrook_loot_triangle
D:2:      layout_rooms, minivault_14, corexii_shack
D:3:      layout_loops_ring, st_stairs_5, uniq_jessica, uniq_robin

Skill      XL: |  1  2 |
---------------+-------+-----
Maces & Flails | 2 3 |  3.7
Fighting       | |  2.6
Armour         | |  2.6
Shields        | |  2.6

Action                   || total
-------------------------++-------
Melee: Flail             ||    86
Throw: Stone             ||    11
  Use: Potion            ||     2
Armor: Scale mail        ||    31
Dodge: Dodged            ||    42
Block: Buckler           ||    17

Table legend: (Time is in decaauts)
 A = Elapsed time spent in this place.
 B = Non-inter-level travel time spent in this place.
 C = Inter-level travel time spent in this place.
 D = Time resting spent in this place.
 E = Time spent auto-exploring this place.
 F = Levels seen in this place.
 G = Mean time per level.
                   A        B        C        D        E       F      G
               +--------+--------+--------+--------+--------+-----+--------+
         Total |   1605 |   1573 |     32 |     97 |   1169 |   3 |  535.0 |
       Dungeon |   1605 |   1573 |     32 |     97 |   1169 |   3 |  535.0 |
               +--------+--------+--------+--------+--------+-----+--------+

Top non-repeatable levels by time:
     D:2: 875 daAuts
     D:1: 642 daAuts
     D:3: 88 daAuts
